 Dungeon Crawl Stone Soup version 0.26.0-11-g8f856b5395 (webtiles) character file.

Game seed: 3586456324013838216

84 hawla the Conjurer (level 4, -1/52 HPs)
             Began as a Draconian Conjurer on Jan 15, 2021.
             Was an Initiate of Gozag.
             Killed from afar by an orc wizard (9 damage)
             ... with a magic dart
             ... on level 5 of the Dungeon.
             The game lasted 00:06:00 (2431 turns).

hawla the Conjurer (Draconian Conjurer)             Turns: 2431, Time: 00:06:01

Health: -1/52      AC: 22    Str: 10    XL:     4   Next: 24%
Magic:  2/9        EV:  2    Int: 19    God:    Gozag
Gold:   185        SH:  0    Dex:  9    Spells: 3/10 levels left

rFire    + . .     SeeInvis .   g - +0 whip
rCold    . . .     Faith    .   (no shield)
rNeg     + + +     Spirit   .   (armour unavailable)
rPois    +         Reflect  .   (helmet currently unavailable)
rElec    .         Harm     .   (cloak currently unavailable)
rCorr    .         Rampage  .   (gloves currently unavailable)
Will     .....     NoTele   +   (boots currently unavailable)
Stlth    ++........             (no amulet)
HPRegen  0.17/turn              d - -4 ring of evasion (curse)
MPRegen  0.11/turn              a - ring of protection from fire

@: tree-form, gold aura, very slightly contaminated
A: unfitting armour, AC +5
a: Renounce Religion, Potion Petition, Call Merchant, Bribe Branch


You were on level 5 of the Dungeon.
You worshipped Gozag.
Gozag was aware of your devotion.
You were a tree.
You visited 1 branch of the dungeon, and saw 5 of its levels.

You collected 230 gold pieces.
You paid 45 gold pieces to Gozag.

Inventory:

Hand Weapons
 g - a +0 whip (weapon)
Armour
 h - a +0 pair of boots of flying (melded)
Jewellery
 a - a ring of protection from fire (right branch)
 d - a cursed -4 ring of evasion (left branch)
Potions
 e - a potion of flight
 f - a potion of lignification


   Skills:
 - Level 1.0 Fighting
 - Level 2.0 Dodging
 - Level 2.0 Stealth
 + Level 3.8 Spellcasting
 + Level 4.0 Conjurations
 + Level 0.2 Translocations


You had 3 spell levels left.
You knew the following spells:

 Your Spells              Type           Power        Failure   Level
a - Magic Dart            Conj           72%          2%          1
b - Searing Ray           Conj           36%          4%          2
c - Iskenderun's Mystic   Conj/Tloc      11%          50%         4

Your spell library contained the following spells:

 Spells                   Type           Power        Failure   Level
 Dazzling Flash           Conj/Hex       22%          19%         3
 Fulminant Prism          Conj/Hex       5%           52%         4


Dungeon Overview and Level Annotations

Branches:
Dungeon (6/15)
 Temple: D:4-7

Altars:
Dithmenos
Fedhas
Gozag
Kikubaaqudgha

Shops:
D:2 *


Innate Abilities, Weirdness & Mutations

((Your plain brown scales are hard. (AC +5)))
You cannot fit into any form of body armour.
((You are cold-blooded and may be slowed by cold attacks.))


Message History

The orc wizard hits you but does no damage.
The orc priest hits you with a +0 club.
* * * LOW HITPOINT WARNING * * *
The orc barely misses you.
The orc wizard points at you and mumbles some strange words.
The magic dart hits you but does no damage.
You aren't carrying any scrolls.
You hit the orc wizard.
The orc wizard is lightly wounded.
The orc wizard hits you but does no damage.
The orc wizard casts a spell at you.
The magic dart hits something!
The orc priest hits you but does no damage.
The orc barely misses you.
You hit the orc wizard but do no damage.
The orc wizard is lightly wounded.
The orc wizard gestures at you while chanting.
The magic dart hits you!
You die...
Your body crumbles into a pile of gold.

..... +.o..# .....
#....# ##...
#....###
#...##.#...# #
.........#.##.#.##
.<...#o........)..
...........##.#.##
.###o.ooo>....#
###o♣..##..#
#...#o# ....#
.....##.# .###
#.##.. #.# .. #
.... #.# ## ..#.#
..# ..#. ### .. #.


You could see an orc warrior, an orc priest, 2 orc wizards and 3 orcs.

Vanquished Creatures
  A worker ant (D:5)
  An adder (D:2)
  An ooze (D:1)
  4 leopard geckos
  An orc (D:5)
  A giant cockroach (D:1)
  4 goblins
  4 hobgoblins
  6 jackals
  A quokka (D:2)
  3 bats
  4 frilled lizards
  5 kobolds
  3 rats
39 creatures vanquished.

Notes
Turn   | Place    | Note
-------+----------+-------------------------------------------
     0 | D:1      | hawla the Draconian Conjurer began the quest for the Orb.
     0 | D:1      | Reached XP level 1. HP: 14/14 MP: 3/3
   385 | D:1      | Reached XP level 2. HP: 22/22 MP: 1/5
   533 | D:1      | Learned a level 2 spell: Searing Ray
   685 | D:1      | Reached skill level 1 in Fighting
  1092 | D:2      | Reached XP level 3. HP: 19/28 MP: 0/7
  1680 | D:2      | Found Gozag's Platinum Reserve.
  1748 | D:2      | Found a blossoming altar of Fedhas.
  1751 | D:2      | Found an ancient bone altar of Kikubaaqudgha.
  1800 | D:2      | Found an opulent altar of Gozag.
  1816 | D:2      | Became a worshipper of Gozag Ym Sagoz the Greedy
  2137 | D:3      | Found a shadowy altar of Dithmenos.
  2261 | D:3      | You fall into a shaft and drop 3 floors!
  2266 | D:5      | Entered Level 5 of the Dungeon
  2272 | D:5      | Reached XP level 4. HP: 32/35 MP: 1/9
  2277 | D:5      | Learned a level 4 spell: Iskenderun's Mystic Blast
  2427 | D:5      | Noticed an orc warrior
  2431 | D:5      | Killed from afar by an orc wizard

Illustrated notes

Levels and vault maps discovered:
D:1:      minmay_arrival_shattered_statue, layout_basic
D:2:      layout_rooms, grunt_temple_overflow_growth_and_decay,
          nicolae_gozag_zags_fifth_avenue, minmay_misc_feat_four_crosses
D:3:      layout_loops_ring, old_standard_altar, uniq_ijyb
D:5:      layout_basic, nzn_wu_jian_contemplation, minmay_overflow_temple_hex
D:6:      kennysheep_spiral_hall, layout_loops_cross, kennysheep_mini_moat,
          minmay_temple_entry_drinking_statues, uniq_pikel, uniq_prince_ribbit1,
          uniq_sigmund, uniq_crazy_yiuf_cottage

Skill      XL: |  1  2  3 |
---------------+----------+-----
Dodging        | 2 |  2.0
Stealth        | 2 |  2.0
Fighting       | 1 |  1.0
Spellcasting   | 3 |  3.8
Conjurations   | |  4.0
Translocations | |  0.2

Action                   |  1- 3 |  4- 6 || total
-------------------------+-------+-------++-------
Melee: Unarmed           |     2 |       ||     2
       Whip              |    15 |     8 ||    23
       Club              |     1 |       ||     1
       Tailslap          |     1 |       ||     1
 Cast: Magic Dart        |    47 |     7 ||    54
       Searing Ray       |    10 |       ||    10
       Iskenderun's Myst |       |     1 ||     1
 Abil: Stop Flying       |     1 |       ||     1
  Use: Scroll            |     7 |     1 ||     8
       Potion            |       |     2 ||     2
Armor: Skin              |     9 |    13 ||    22
Dodge: Dodged            |    13 |     2 ||    15
